 Dungeon Crawl Stone Soup version 0.26.1-2-gb8aa6d0cf2 (webtiles) character file.

Game seed: 11268662520308831584

1460 FishyPogo the Changer (level 8, -1/58 (70) HPs)
             Began as a White Draconian Transmuter on Mar 1, 2021.
             Was a Priest of Makhleb.
             Slain by a wight
             ... wielding a +0 battleaxe
              (4 damage)
             ... on level 6 of the Dungeon.
             The game lasted 00:21:29 (7073 turns).

FishyPogo the Changer (White Draconian Transmuter)  Turns: 7073, Time: 00:21:30

HP:   -1/58 (70)    AC:  7    Str: 12    XL:     8   Next: 48%
MP:   0/11          EV: 12    Int: 15    God:    Makhleb [***...]
Gold: 321           SH:  0    Dex: 13    Spells: 0/11 levels left

rFire    . . .     SeeInvis .   a - +2 dagger (speed)
rCold    + . .     Faith    .   (no shield)
rNeg     . . .     Spirit   +   (armour unavailable)
rPois    +         Reflect  .   (helmet currently unavailable)
rElec    .         Harm     .   m - +0 cloak
rCorr    .         Rampage  .   (no gloves)
Will     .....                  (boots currently unavailable)
Stlth    +.........             t - amulet of guardian spirit
HPRegen  0.19/turn              i - ring of poison resistance
MPRegen  0.12/turn              (no ring)

@: short of breath, appendages, heavily drained
A: breathe frost, unfitting armour, horns 2, talons 2, cold resistance 1,
cold-blooded, AC +6
a: Breathe Frost, End Transformation, Renounce Religion, Minor Destruction,
Lesser Servant of Makhleb


You were on level 6 of the Dungeon.
You worshipped Makhleb.
Makhleb was most pleased with you.
You had grown temporary horns.
You had grown temporary talons.
You visited 1 branch of the dungeon, and saw 7 of its levels.

You collected 321 gold pieces.

Inventory:

Hand Weapons
 a - a +2 dagger of speed (weapon)
 b - a +1 whip of flaming
Missiles
 g - 3 javelins
 n - 202 stones (quivered)
 q - 6 boomerangs of dispersal
 r - 9 boomerangs
 x - 10 poisoned darts
Armour
 m - a +0 cloak (worn)
Jewellery
 i - a ring of poison resistance (left hand)
 t - an amulet of guardian spirit (around neck)
 A - an uncursed ring of resist corrosion {unknown}
Wands
 u - a wand of iceblast (7)
 z - a wand of acid (4)
Scrolls
 c - 3 scrolls of remove curse
 e - 3 scrolls of identify
 h - a scroll of blinking {unknown}
 k - 3 scrolls of teleportation
 y - 2 scrolls of random uselessness {unknown}
 B - a scroll of enchant weapon {unknown}
Potions
 d - 2 potions of brilliance
 f - a potion of curing
 j - a potion of berserk rage {unknown}
 l - a potion of lignification {unknown}
 o - 2 potions of degeneration
 p - a potion of ambrosia {unknown}
 s - a potion of haste {unknown}
 v - a potion of attraction {unknown}
 w - a potion of cancellation {unknown}


   Skills:
 * Level 5.8 Fighting
 + Level 4.7 Short Blades
 - Level 1.7 Dodging
 - Level 3.2 Unarmed Combat
 - Level 2.0 Spellcasting
 * Level 7.2 Transmutations
 + Level 2.9 Invocations


You couldn't memorise any spells.
You knew the following spells:

 Your Spells              Type           Power        Failure   Level
a - Blade Hands           Tmut           11%          32%         5
l - Spider Form           Tmut/Pois      6%           16%         3
u - Wereblood             Tmut           23%          1%          2
y - Beastly Appendage     Tmut           46%          1%          1

Your spell library contained the following spells:

 Spells                   Type           Power        Failure   Level
 Ice Form                 Ice/Tmut       12%          45%         4


Dungeon Overview and Level Annotations

Branches:
Dungeon (7/15)             Temple (0/1) D:5

Altars:
Ashenzari
Cheibriados
Kikubaaqudgha
Makhleb
Nemelex Xobeh

Shops:
D:5 :[


Innate Abilities, Weirdness & Mutations

You can breathe waves of freezing cold.
You can buffet flying creatures when you breathe cold.
Your icy white scales are hard. (AC +6)
You cannot fit into any form of body armour.
Your flesh is cold resistant. (rC+)
You are cold-blooded and may be slowed by cold attacks.
You have a pair of horns on your head.
You have razor-sharp toenails.


Message History

Aim: a wight, wielding a +0 battleaxe and wearing a cursed +0 robe (moderately damaged)
You exhale a wave of freezing cold.
The freezing breath hits the wight.
The wight resists.
You destroy the wight!
Makhleb accepts your kill.
The freezing breath hits the wight.
The wight resists.
The wight is moderately damaged.
You hit the wight. You claw the wight.
The wight is severely damaged.
The wight closely misses you.
You hit the wight but do no damage.
The wight is heavily damaged.
You barely miss the wight. You headbutt the wight.
The wight is severely damaged.
You hit the wight. Your headbutt misses the wight.
The wight is almost destroyed.
The wight hits you with a +0 battleaxe!
* * * LOW HITPOINT WARNING * * *
You feel drained.
You die...

##### #...# #...# ##...# ###
####)...# ########.# #.......#
..##.....# ###.#..####
..##.#######...#@##
..#......#...###z###########
.#..#.##...####............##
............#...............##
.............>...............#
.†...........................#
.............................#
.............................#
.............................#


You could see a wight.

Vanquished Creatures
  An ice beast (D:6)
  A sky beast (D:5)
  A centaur (D:5)
  2 ogres
  A gnoll sergeant (D:5)
  A bullfrog (D:6)
  Blork the orc (D:4)
  3 wights
  2 howler monkeys
  A hound (D:5)
  An orc wizard (D:5)
  A bullfrog skeleton (D:5)
  A centaur skeleton (D:4)
  2 iguanas
  5 worker ants
  Robin (D:2)
  9 gnolls
  10 adders
  2 white imps
  3 ufetubi
  An ooze (D:5)
  An adder skeleton (D:6)
  2 worms (D:2)
  A dart slug (D:2)
  2 leopard geckos
  14 orcs
  5 bats
  2 giant cockroaches
  17 goblins
  10 hobgoblins
  4 jackals (D:6)
  9 kobolds
  4 quokkas
  2 ball pythons (D:4)
  5 frilled lizards
  A leopard gecko skeleton (D:4)
  8 rats
  A rat zombie (D:5)
138 creatures vanquished.

Notes
Turn   | Place    | Note
-------+----------+-------------------------------------------
     0 | D:1      | FishyPogo the Draconian Transmuter began the quest for the
                  | Orb.
     0 | D:1      | Reached XP level 1. HP: 16/16 MP: 3/3
   128 | D:1      | Reached XP level 2. HP: 19/23 MP: 3/5
   131 | D:1      | Learned a level 2 spell: Wereblood
  1222 | D:2      | Reached skill level 3 in Transmutations
  1270 | D:2      | Reached XP level 3. HP: 24/28 MP: 4/6
  1271 | D:2      | Found an ancient bone altar of Kikubaaqudgha.
  1274 | D:2      | Found a snail-covered altar of Cheibriados.
  1343 | D:3      | Reached skill level 1 in Short Blades
  1733 | D:3      | Found a burning altar of Makhleb.
  1741 | D:3      | Became a worshipper of Makhleb the Destroyer
  2183 | D:2      | Reached XP level 4. HP: 23/35 MP: 5/7
  2455 | D:2      | Noticed Robin
  2470 | D:2      | Reached * piety under Makhleb
  2485 | D:2      | Killed Robin
  2631 | D:2      | Found a broken altar of Ashenzari.
  2805 | D:2      | Reached skill level 4 in Transmutations
  3474 | D:4      | Reached XP level 5. HP: 29/41 MP: 6/8
  4191 | D:4      | Found a sparkling altar of Nemelex Xobeh.
  4290 | D:4      | Reached XP level 6. HP: 50/50 MP: 9/9
  4308 | D:4      | Learned a level 3 spell: Spider Form
  4415 | D:4      | Noticed Blork the orc
  4424 | D:4      | Killed Blork the orc
  4425 | D:4      | Reached skill level 5 in Transmutations
  4571 | D:5      | Entered Level 5 of the Dungeon
  4636 | D:5      | Found Quevy's Armour Boutique.
  4705 | D:5      | Reached ** piety under Makhleb
  5039 | D:5      | Your scales start taking on an icy white colour.
  5039 | D:5      | Reached XP level 7. HP: 30/57 MP: 4/10
  5039 | D:5      | Gained mutation: Your flesh is cold resistant. (rC+) [White
                  | Draconian growth]
  5242 | D:5      | Found a sand-covered staircase.
  5285 | D:5      | Reached skill level 6 in Transmutations
  5294 | D:5      | Found Qicot's Book Shop.
  5411 | D:5      | Reached skill level 1 in Invocations
  6124 | D:5      | Found a staircase to the Ecumenical Temple.
  6189 | D:6      | Reached skill level 5 in Fighting
  6189 | D:6      | Reached XP level 8. HP: 68/68 MP: 11/11
  6379 | D:6      | Reached *** piety under Makhleb
  6642 | D:6      | Learned a level 5 spell: Blade Hands
  6682 | D:6      | Reached skill level 7 in Transmutations
  7073 | D:6      | HP: 3/60 [wight/+0 battleaxe (7)]
  7073 | D:6      | Slain by a wight

Illustrated notes

Levels and vault maps discovered:
D:1:      lightli_arrival_noodles, layout_loops_ring, grunt_decor_mini_mirrors,
          columned_hall_lemuel, dk_noncrumbling_4
D:2:      layout_basic, nicolae_ashenzari_panopticon,
          nicolae_overflow_hidden_temple, uniq_robin
D:3:      layout_basic, bloody_makhleb
D:4:      layout_basic, nemelex_xobeh_ov_fountains_minmay, uniq_blork_the_orc
D:5:      layout_loops_cross, lemuel_temple_firewalk_b, enter_ossuary_4,
          serial_shops, nicolae_shop_crystal, shop
D:6:      layout_rooms
D:7:      layout_cave_pools, okawaru_gym_becter, nicolae_overflow_crystal_walls,
          nicolae_ossuary_entry_false_entrances, hangedman_abyss_or_decor_slice,
          uniq_duvessa, uniq_menkaure

Skill      XL: |  1  2  3  4  5  6  7  8 |
---------------+-------------------------+-----
Transmutations | 3 4 5 6 7 |  7.2
Short Blades   | 1 2 3 4 |  4.7
Fighting       | 2 3 5 |  5.8
Invocations    | 2 |  2.9
Dodging        | |  1.7
Unarmed Combat | |  3.2
Spellcasting   | |  2.0

Action                   |  1- 3 |  4- 6 |  7- 9 || total
-------------------------+-------+-------+-------++-------
Melee: Unarmed           |    26 |     6 |    40 ||    72
       Tailslap          |     6 |    23 |    16 ||    45
       Kick              |    12 |    48 |    41 ||   101
       Dagger            |    96 |   212 |   151 ||   459
       Headbutt          |     9 |    19 |    32 ||    60
       Punch             |       |     2 |     6 ||     8
       Short sword       |       |       |    24 ||    24
       Whip              |       |       |     3 ||     3
Throw: Stone             |     3 |     3 |       ||     6
 Cast: Beastly Appendage |    30 |    27 |    18 ||    75
       Wereblood         |       |     3 |     2 ||     5
       Spider Form       |       |     1 |     3 ||     4
Invok: Minor Destruction |       |     1 |     5 ||     6
 Abil: Breathe Frost     |       |       |     7 ||     7
  Use: Potion            |       |     2 |       ||     2
       Scroll            |       |     6 |     1 ||     7
 Stab: Sleeping          |       |     2 |       ||     2
Armor: Skin              |    31 |    48 |    32 ||   111
Dodge: Dodged            |    52 |    87 |   103 ||   242
